Map: Orbital Shipyard

Players

Ganxieni

  • Race: Zerg Zerg
  • League: Grandmaster

MythiC - Winner!

  • Race: Terran Terran
  • League: Grandmaster

VOD

Have the link to the VOD?

Description

Time

  • Played on: Jan. 10, 2016, 2:12 p.m.
  • Length: 8:11
Show
View Real Time Build Order
Export as new Build Order

Ganxieni Zerg 

Build Orders: Hatch First 

Get SALT Encoding   

  12  0:01  Drone  
  13  0:14  Overlord  
  13  0:19  Drone  
  14  0:33  Drone x2  
  16  0:37  Drone  
  17  0:56  Drone  
  18  0:57  Hatchery  
  18  0:59  Drone  
  18  1:11  Extractor  
  17  1:14  Spawning Pool  
  17  1:15  Drone  
  17  1:20  Drone  
  18  1:36  Drone  
  19  1:43  Overlord  
  19  2:01  Queen  
  19  2:03  Zergling x4  
  23  2:09  Queen  
  23  2:10  Drone  
  23  2:14  Metabolic Boost  
  26  2:16  Drone  
  27  2:23  Drone  
  27  2:24  Drone  
  29  2:30  Extractor  
  29  2:32  Drone, Extractor  
  29  2:34  Overlord  
  30  2:38  Queen  
  31  2:55  Drone  
  31  2:56  Drone  
  31  2:58  Drone  
  34  3:00  Hatchery  
  33  3:05  Drone  
  33  3:06  Drone  
  33  3:08  Drone  
  33  3:10  Drone x2  
  38  3:16  Drone x2  
  38  3:19  Drone  
  41  3:23  Drone x2  
  43  3:32  Overlord  
  43  3:36  Overlord  
  43  3:41  Drone  
  44  3:47  Overlord  
  44  3:50  Queen, Overlord  
  44  3:51  Drone x3  
  44  3:54  Lair  
  49  3:57  Drone x2  
  49  4:02  Extractor  
  50  4:03  Drone x3  
  50  4:05  Drone  
  50  4:09  Drone  
  55  4:13  Drone x2  
  57  4:23  Drone x2  
  59  4:26  Queen  
  59  4:29  Queen  
  59  4:30  Drone  
  59  4:31  Drone x5  
  68  4:33  Drone  
  68  4:36  Drone  
  71  4:39  Extractor  
  71  4:41  Extractor  
  71  4:43  Baneling Nest  
  71  4:44  Evolution Chamber  
  67  4:47  Evolution Chamber  
  67  4:48  Zergling x4  
  67  4:49  Zergling x2  
  69  4:56  Spore Crawler, Zergling x2  
  69  4:57  Zergling x8  
  73  5:06  Zergling x2  
  69  5:07  Zergling x8  
  69  5:12  Zerg Ground Armor Level 1  
  68  5:26  Zergling x2  
  68  5:27  Zergling x18  
  78  5:34  Drone  
  78  5:35  Drone x3  
  81  5:45  Hatchery  
  81  5:47  Drone  
  81  5:49  Overlord  
  81  5:53  Overlord  
  81  5:54  Overlord  
  81  5:57  Centrifical Hooks  
  81  6:12  Overlord  
  81  6:13  Drone  
  81  6:15  Baneling  
  81  6:16  Baneling x16  
  81  6:17  Overseer  
  82  6:20  Drone x2  
  82  6:22  Drone  
  85  6:40  Zergling x4  
  85  6:41  Zergling x22  
  85  6:46  Overlord  
  98  6:47  Zergling x4  
  98  6:49  Overlord  
  100  7:09  Drone  
  100  7:10  Drone  
  100  7:11  Drone x2  
  100  7:14  Zergling x2  
  100  7:15  Zergling x14  
  112  7:20  Overlord  
  112  7:21  Overlord  
  112  7:23  Zergling x4  
  112  7:24  Zergling x2  
  112  7:27  Baneling x6  
  114  7:32  Overlord  
  98  7:45  Zergling x8  
  98  7:46  Zergling x10  
  102  7:52  Zergling x6  
  102  7:53  Zergling x8  
Show
View Real Time Build Order
Export as new Build Order

MythiC Terran - Winner!

Build Orders: Reaper Expand, MMM Bio 

Get SALT Encoding   

  12  0:01  SCV  
  13  0:13  SCV  
  14  0:19  Supply Depot  
  14  0:25  SCV  
  15  0:40  SCV  
  16  0:42  Barracks  
  16  0:48  Refinery  
  16  0:52  SCV  
  17  1:04  SCV  
  18  1:16  SCV  
  19  1:30  Orbital Command  
  19  1:32  Reaper  
  20  1:38  Command Center  
  20  1:53  Supply Depot  
  20  1:55  SCV  
  21  2:04  Marine  
  21  2:08  SCV  
  23  2:13  Factory  
  23  2:17  Refinery  
  23  2:20  SCV  
  24  2:32  Barracks Reactor  
  24  2:33  SCV  
  25  2:45  SCV  
  25  2:51  Orbital Command  
  25  2:58  SCV, Starport  
  26  3:02  Widow Mine  
  28  3:10  SCV, Marine x2  
  31  3:17  SCV  
  31  3:18  Supply Depot  
  32  3:22  SCV  
  33  3:28  Marine x2  
  33  3:29  SCV  
  33  3:33  Factory Tech Lab  
  37  3:34  SCV  
  37  3:35  Medivac  
  37  3:41  SCV  
  40  3:45  Supply Depot  
  40  3:46  SCV, Marine x2  
  43  3:52  Siege Tank  
  43  3:53  SCV  
  47  3:57  Barracks  
  47  3:58  SCV, Barracks  
  47  4:02  Liberator  
  48  4:11  SCV x2  
  48  4:15  Refinery  
  48  4:16  Supply Depot, Refinery  
  52  4:23  SCV x2  
  55  4:31  Factory Tech Lab  
  55  4:33  Engineering Bay  
  55  4:37  SCV x2, Barracks  
  57  4:44  Supply Depot  
  58  4:47  Stimpack  
  58  4:49  SCV  
  58  4:51  Barracks Reactor x2  
  58  4:53  Marine  
  58  4:54  Barracks Tech Lab  
  59  5:00  SCV  
  59  5:01  Siege Tank  
  63  5:08  Starport Reactor  
  63  5:09  SCV  
  63  5:11  Marine  
  65  5:20  Marine  
  65  5:21  Combat Shields  
  65  5:24  Terran Infantry Weapons Level 1  
  65  5:26  SCV  
  61  5:30  SCV  
  61  5:34  Marine x3  
  65  5:38  Siege Tank, SCV  
  69  5:43  Marine  
  69  5:44  Marine x2  
  69  5:45  Barracks  
  69  5:46  Supply Depot, SCV  
  69  5:48  Medivac  
  75  5:52  Marine x2  
  75  5:55  SCV  
  75  5:56  Supply Depot  
  78  6:08  SCV, Medivac, Marine x4  
  78  6:09  Marine  
  86  6:14  Supply Depot  
  86  6:17  Siege Tank, Marine  
  88  6:18  SCV, Medivac  
  88  6:25  Supply Depot, Marine x2  
  91  6:28  Marine  
  94  6:35  Marine x2  
  94  6:38  Marine  
  98  6:43  Supply Depot, Barracks Reactor, Marine  
  98  6:45  Marine  
  98  6:46  Marine  
  100  6:51  Supply Depot, Siege Tank  
  100  6:53  Marine x2  
  105  7:00  Marine  
  106  7:01  Medivac, Marine  
  106  7:03  Marine  
  106  7:04  Medivac  
  106  7:07  Supply Depot  
  112  7:18  Marine x4  
  116  7:33  Marine x4  
  116  7:34  Siege Tank  
  116  7:36  Marine  
Tags
 
Add a new tag
Caveats
  • Supply blocks, unpowered buildings, or Contaminate may cause inaccurate times.
  • Supply counts are checked every 10 seconds.